 Dungeon Crawl Stone Soup version 0.30-b1-5-g8e6c1be481 (webtiles) character file.

Game seed: 4126661583158802041

977 Silvore the Slasher (level 7, -1/61 HPs)
             Began as a Minotaur Fighter on May 3, 2023.
             Succumbed to Dowan's poison
             ... on level 5 of the Dungeon.
             The game lasted 00:05:49 (3689 turns).

Silvore the Slasher (Minotaur Fighter)              Turns: 3689, Time: 00:05:50

Health: -1/61      AC: 10    Str: 22    XL:     7   Next: 95%
Magic:  6/6        EV: 25    Int:  5    God:
Gold:   332        SH:  5    Dex: 10    Spells: 6/6 levels left

rFire   + . .        a - +0 long sword
rCold   + . .        c - +0 buckler
rNeg    + . .        b - +0 scale mail
rPois   +            (helmet restricted)
rElec   +            k - +0 cloak
rCorr   +            e - +0 pair of gloves
SInv    .            (no boots)
Will    .....        i - amulet of the acrobat Stlth
                     l - ring of positive energy
HPRegen 0.30/turn    (no ring)
MPRegen 0.10/turn

%: acrobat
@: mighty, lethally poisoned (-1 -> -7), resistant, acrobatic, invisible
A: horns 2, retaliatory headbutt
a: no special abilities


You were on level 5 of the Dungeon.
You visited 1 branch of the dungeon, and saw 5 of its levels.

You collected 332 gold pieces.

Inventory:

Hand Weapons
 a - a +0 long sword (weapon)
Armour
 b - a +0 scale mail (worn)
 c - a +0 buckler (worn)
 e - a +0 pair of gloves (worn)
 k - a +0 cloak (worn)
Jewellery
 i - an amulet of the acrobat (around neck)
 l - a ring of positive energy (left hand)
 s - a +6 ring of dexterity
Wands
 d - a wand of paralysis (2)
 f - a wand of mindburst (15)
Scrolls
 j - 2 scrolls of amnesia
 r - a scroll of blinking
Potions
 g - a potion of brilliance
 n - a potion of resistance
 p - 2 potions of attraction


   Skills:
 + Level 5.5 Fighting
 + Level 7.4 Long Blades
 + Level 6.3 Armour
 + Level 2.7 Dodging
 + Level 0.7 Stealth
 + Level 5.1 Shields


You had 6 spell levels left.
You didn't know any spells.
Your spell library contained the following spells:

 Spells                   Type           Power      Damage    Failure   Level
 Tukima's Dance           Hex            0%         N/A       99%         3
 Passage of Golubria      Tloc           0%         N/A       100%        4
 Yara's Violent Unravell  Hex/Tmut       0%         3d3       100%        5


Dungeon Overview and Level Annotations

Branches:
Dungeon (5/15)
 Temple: D:4-7

Altars:
Cheibriados
Dithmenos
Elyvilon
Fedhas
Ru


Innate Abilities, Weirdness & Mutations

You have a pair of horns on your head.
You reflexively headbutt those who attack you in melee.


Message History

It was a potion of invisibility.
You fade into invisibility!
* * * LOW HITPOINT WARNING * * *
You feel very sick.
Dowan hits you with a +3 dagger of venom.
* * * LOW HITPOINT WARNING * * *
You are more poisoned.
Dowan hits you with a +3 dagger of venom.
* * * LOW HITPOINT WARNING * * *
You are more poisoned.
You feel much better.
You feel extremely sick. Dowan barely misses you.
You feel very mighty all of a sudden.
* * * LOW HITPOINT WARNING * * *
You feel very sick. You block Dowan's attack. x2
You catch the helpless Dowan completely off-guard!
You slash Dowan! You headbutt Dowan!
You kill Dowan!
* * * LOW HITPOINT WARNING * * *
You feel very sick.
* * * LOW HITPOINT WARNING * * *
You feel very sick.
Things that are here:
a +3 dagger of venom; a +0 robe; the elf corpse of Dowan
There is a lethal amount of poison in your body!
As you read the scroll labelled PEEJOI RICZAIM, it crumbles to dust.
The air around you briefly surges with heat, but it dissipates.
It was a scroll of immolation.
* * * LOW HITPOINT WARNING * * *
You feel very sick.
You feel protected.
* * * LOW HITPOINT WARNING * * *
You feel very sick.
Unknown command.
There is a lethal amount of poison in your body!
* * * LOW HITPOINT WARNING * * *
You feel sick.
You die...

#.###...#⌠8⌠# #...###...
#.# ###.#...+ #)..# #...
#.# ###.#...# #.#.###.##
##.###...#...+ #.#.....##
###...##.#.#...#
#..##.####
#..........##'#####..##.#
#
#.#...####....).........#
# #.##.##
#....###....#.### # # #.#
#..@..#.###.#.# # #.#
#.#.##.## #.#.######
#.####.#)##.####.........
#.#................######
#.#.##...###########
.......# ........#
##.##.### ... ..


There were no monsters in sight!

Vanquished Creatures
  Menkaure (D:4)
  Duvessa (D:5)
  A water moccasin (D:5)
  A black bear (D:5)
  An ogre (D:3)
  A scorpion (D:5)
  Dowan (D:5)
  An orc priest (D:4)
  A jelly (D:5)
  3 hounds (D:4)
  A sleepcap (D:5)
  An iguana (D:4)
  A gnoll (D:4)
  7 adders
  A worm (D:3)
  5 dart slugs
  10 orcs
  7 endoplasms
  3 giant cockroaches
  17 goblins
  6 hobgoblins
  4 jackals (D:4)
  4 quokkas (D:1)
  7 ball pythons
  3 bats
  4 frilled lizards
  7 kobolds
  9 rats
109 creatures vanquished.

Notes
Turn   | Place    | Note
-------+----------+-------------------------------------------
     0 | D:1      | Silvore the Minotaur Fighter began the quest for the Orb.
     0 | D:1      | Reached XP level 1. HP: 19/19 MP: 0/0
    81 | D:1      | You fall into a shaft and drop 1 floor!
   113 | D:2      | Reached XP level 2. HP: 27/27 MP: 1/1
   372 | D:1      | Reached XP level 3. HP: 33/33 MP: 2/2
   679 | D:1      | Found a faded altar of an unknown god.
   695 | D:1      | Reached skill level 3 in Long Blades
  1204 | D:2      | Reached XP level 4. HP: 40/40 MP: 3/3
  1552 | D:3      | Found a sacrificial altar of Ru.
  1934 | D:3      | Found a snail-covered altar of Cheibriados.
  2030 | D:3      | Found a blossoming altar of Fedhas.
  2031 | D:3      | Found a shadowy altar of Dithmenos.
  2031 | D:3      | Found a white marble altar of Elyvilon.
  2245 | D:3      | Noticed an ogre
  2258 | D:3      | Killed an ogre
  2259 | D:3      | Reached skill level 4 in Long Blades
  2259 | D:3      | Reached skill level 5 in Armour
  2259 | D:3      | Reached skill level 1 in Dodging
  2259 | D:3      | Reached XP level 5. HP: 43/46 MP: 4/4
  2470 | D:4      | Identified the +5 ring mail of Misanthropy {Str+8}
  2484 | D:4      | Reached XP level 6. HP: 39/53 MP: 5/5
  2729 | D:4      | Noticed Menkaure
  2737 | D:4      | Killed Menkaure
  2738 | D:4      | Reached skill level 5 in Long Blades
  2967 | D:4      | Reached XP level 7. HP: 60/60 MP: 6/6
  3330 | D:5      | Entered Level 5 of the Dungeon
  3474 | D:5      | Reached skill level 5 in Fighting
  3474 | D:5      | Reached skill level 6 in Long Blades
  3606 | D:5      | Reached skill level 5 in Shields
  3639 | D:5      | Noticed Duvessa
  3639 | D:5      | Noticed Dowan
  3656 | D:5      | Killed Duvessa
  3657 | D:5      | Reached skill level 7 in Long Blades
  3681 | D:5      | HP: 3/61 [Dowan/+3 dagger of venom (5)]
  3684 | D:5      | Killed Dowan
  3687 | D:5      | HP: 2/61 [poisoned by Dowan]
  3689 | D:5      | Succumbed to Dowan's poison

Illustrated notes

Levels and vault maps discovered:
D:1:      minmay_arrival_hallway, layout_loops_ring,
          shapermc_ecumenical_altar_starsandcircs, minivault_25,
          skrybe_limestone_x
D:2:      layout_loops_ring
D:3:      layout_loops_ring, cheibrodos_worm_habitat, amcnicky_altar_gilded,
          chequers_temple_overflow_statue_of_worship, minmay_statues_item,
          minmay_ogre_servants
D:4:      layout_layer_cave, serial_glass, glass_columns_b, glass_columns_a,
          cheibrodos_gnoll_hut, uniq_menkaure
D:5:      dreamdust_elfheim, layout_loops_ring

Skill      XL: |  1  2  3  4  5  6  7 |
---------------+----------------------+-----
Armour         | 4 5 6 |  6.3
Shields        | 4 5 |  5.1
Fighting       | 4 5 |  5.5
Long Blades    | 3 4 5 7 |  7.4
Dodging        | 1 2 |  2.7
Stealth        | |  0.7

Action                     |  1- 3 |  4- 6 |  7- 9 || total
---------------------------+-------+-------+-------++-------
  Melee: Long sword        |   109 |    99 |    55 ||   263
         Headbutt          |     9 |    12 |    16 ||    37
    Use: Scroll            |     6 |     6 |     2 ||    14
         Potion            |       |     2 |    10 ||    12
   Stab: Invisible         |       |       |     1 ||     1
 Armour: Scale mail        |    43 |    38 |    23 ||   104
  Dodge: Dodged            |    65 |    78 |    26 ||   169
  Block: Buckler           |    28 |    25 |    11 ||    64
